 Dungeon Sprint DCSS version 0.25.1-2-g60ff931df9 (webtiles) character file.

Game seed: 12829847880402879207

3070 howech the Thaumaturge (level 9, -10/74 HPs)
             Began as a Gnoll Fire Elementalist on Oct 25, 2020.
             Was a High Priest of Okawaru.
             Mangled by a greater mummy (14 damage)
             ... in the Dungeon (Sprint V: "Ziggurat Sprint").
             The game lasted 00:05:00 (737 turns).

howech the Thaumaturge (Gnoll Fire Elementalist)     Turns: 737, Time: 00:05:01

Health: -10/74     AC: 22    Str: 13    XL:     9   Next: 88%
Magic:  17/22      EV: 15    Int: 22    God:    Okawaru [*****.]
Gold:   0          SH: 32    Dex: 27    Spells: 13/27 levels left

rFire    + + .     SeeInvis .   a - +7 Screaming Sword {vorpal, sonic wave}
rCold    x . .     Gourm    .   H - +18 shield of the Gong {rElec rN+ MR+ EV-5}
rNeg     + . .     Faith    .   b - +5 fire dragon scales
rPois    .         Spirit   .   (no helmet)
rElec    +         Reflect  .   (no cloak)
rCorr    .         Harm     .   n - +0 pair of gloves {Str+3}
MR       +....     NoTele   +   J - +2 pair of boots {run}
Stlth    +++++.....             (no amulet)
HPRegen  0.22/turn              A - +6 ring of dexterity
MPRegen  0.18/turn              B - +6 ring of dexterity

@: heroism, finesse, quick
A: distributed training, fangs 1, strong nose
a: Heroism, Finesse, Renounce Religion


You were in the Dungeon.
You worshipped Okawaru.
Okawaru was extremely pleased with you.
You were not hungry.

You visited 1 branch

Inventory:

Hand Weapons
 a - the +7 Screaming Sword (weapon) {vorpal, sonic wave}
   (You found it in the Dungeon)

   It inflicts extra damage upon your enemies.
Armour
 b - +5 fire dragon scales (worn)
 j - +5 shadow dragon scales
 n - a +0 pair of gloves of strength (worn)
 H - the +18 shield of the Gong (worn) {rElec rN+ MR+ EV-5}
   (You found it in the Dungeon)

   It affects your evasion (-5).
   It insulates you from electricity.
   It protects you from negative energy.
   It affects your resistance to hostile enchantments.
 J - a +2 pair of boots of running (worn)
Jewellery
 z - an uncursed ring of flight
 A - a +6 ring of dexterity (left hand)
 B - a +6 ring of dexterity (right hand)
 C - a +6 ring of intelligence
 D - a +6 ring of intelligence
 E - a +6 ring of strength
 F - a +6 ring of strength
 I - an uncursed ring of fire
 K - the amulet of Suicidal Tendencies {RegenMP rPois Str+2 Int+4}
   (You took it off a crimson imp in the Dungeon)

   [amulet of magic regeneration]

   It increases your magic regeneration.
   It affects your strength (+2).
   It affects your intelligence (+4).
   It protects you from poison.
 L - the ring "Sobiuno" {rC+ Dex+3 Stlth+}
   (You found it in the Dungeon)

   [ring of protection from cold]

   It affects your dexterity (+3).
   It protects you from cold.
   It makes you more stealthy.
Wands
 w - a wand of disintegration (6)
 x - a wand of iceblast (7)
 y - a wand of acid (7)
Scrolls
 i - 4 scrolls of blinking
 q - 4 scrolls of amnesia
 r - 7 scrolls of fog
 s - a scroll of holy word
 t - 5 scrolls of identify
 u - 5 scrolls of remove curse
 v - 2 scrolls of fear
Potions
 d - 9 potions of curing
 e - 9 potions of heal wounds
 f - 5 potions of haste
 g - 7 potions of magic
 h - 3 potions of berserk rage
 k - 2 potions of brilliance
 m - 4 potions of resistance
 o - 5 potions of stabbing
 p - 5 potions of might
Miscellaneous
 l - a lightning rod (4/4)
 G - a lightning rod (4/4)
Comestibles
 c - 7 rations


   Skills:
 + Level 8.1(13.1) Fighting
 + Level 8.1(13.1) Short Blades
 + Level 8.1(13.1) Long Blades
 + Level 8.1(13.1) Axes
 + Level 8.1(13.1) Maces & Flails
 + Level 8.1(13.1) Polearms
 + Level 8.1(13.1) Staves
 + Level 8.1(13.1) Slings
 + Level 8.1(13.1) Bows
 + Level 8.1(13.1) Crossbows
 + Level 8.1(13.1) Throwing
 + Level 8.1(13.1) Armour
 + Level 9.3(14.3) Dodging
 + Level 9.2(14.2) Stealth
 + Level 8.1(13.1) Shields
 + Level 8.1(13.1) Unarmed Combat
 + Level 9.5 Spellcasting
 + Level 7.1 Conjurations
 + Level 6.7 Hexes
 + Level 6.7 Charms
 + Level 6.7 Summonings
 + Level 6.7 Necromancy
 + Level 6.7 Translocations
 + Level 6.7 Transmutations
 + Level 8.8 Fire Magic
 + Level 6.7 Ice Magic
 + Level 6.7 Air Magic
 + Level 6.7 Earth Magic
 + Level 6.7 Poison Magic
 + Level 8.8 Invocations
 + Level 8.1 Evocations


You had 13 spell levels left.
You knew the following spells:

 Your Spells              Type           Power        Failure   Level  Hunger
a - Foxfire               Conj/Fire      ####         1%          1    None
b - Fireball              Conj/Fire      #####.....   32%         5    ####...
c - Ignition              Fire           #####.....   100%        8    #######

Your spell library contained the following spells:

 Spells                   Type           Power        Failure   Level  Hunger
 Sting                    Tmut/Pois      ####         1%          1    None
 Blink                    Tloc           N/A          3%          2    None
 Poisonous Vapours        Pois/Air       #####.       3%          2    None
 Shroud of Golubria       Chrm/Tloc      #####.       3%          2    None
 Swiftness                Chrm/Air       #####...     3%          2    None
 Conjure Flame            Conj/Fire      #####...     3%          3    None
 Ignite Poison            Fire/Tmut/Pois #####...     4%          3    None
 Inner Flame              Hex/Fire       #####...     4%          3    None
 Mephitic Cloud           Conj/Pois/Air  #####...     5%          3    None
 Static Discharge         Conj/Air       #####...     5%          3    None
 Gell's Gravitas          Tloc           #####.....   6%          3    None
 Lesser Beckoning         Tloc           #####.....   6%          3    None
 Spectral Weapon          Hex/Chrm       #####...     6%          3    None
 Teleport Other           Tloc           #####...     6%          3    None
 Sticky Flame             Conj/Fire      #####...     12%         4    ##.....
 Leda's Liquefaction      Hex/Erth       #####.....   21%         4    ##.....
 Olgreb's Toxic Radiance  Pois           #####...     21%         4    ##.....
 Passage of Golubria      Tloc           N/A          21%         4    ##.....
 Lightning Bolt           Conj/Air       #####.....   45%         5    ####...
 Summon Mana Viper        Hex/Summ       #####...     50%         5    ####...
 Shatter                  Erth           #####.....   100%        9    #######
 Tornado                  Air            #####.....   100%        9    #######


Dungeon Overview and Level Annotations

Branches:
Dungeon (1/1)

Altars:
Ashenzari
Cheibriados
Dithmenos
Elyvilon
Fedhas
Gozag
Hepliaklqana
Kikubaaqudgha
Makhleb
Nemelex Xobeh
Okawaru
Qazlal
Ru
Sif Muna
Trog
Uskayaw
Vehumet
Wu Jian
Xom
Yredelemnul
Zin
The Shining One
Beogh
Jiyva
Lugonu

Annotations:
D 1 transporter


Innate Abilities, Weirdness & Mutations

Your experience applies equally to all skills.
You have very sharp teeth.
Your uncanny sense of smell can sniff out nearby items.


Message History

You send a blast of sound all around you.
The jiangshi and the greater mummy are blasted.
The jiangshi is almost destroyed.
The greater mummy is heavily damaged.
You destroy the flayed ghost!
You block the jiangshi's attack.
GONNNNG!
You block the jiangshi's attack.
GONNNNG!
The greater mummy casts a spell.
The jiangshi claws you!
* * * LOW HITPOINT WARNING * * *
The jiangshi draws strength from your injuries!
You block the jiangshi's attack.
GONNNNG!
You block the jiangshi's attack.
BOUMMMMG!
The jiangshi claws you but does no damage.
The greater mummy hits you!
You die...

▓.......▓
▓.......▓
▓...©...▓
▓▓▓▓▓▓▓▓▓
▓..8©8..▓
∆
▓..:=}..▓
▓..[|=.4▓
▓....M°.▓
▓....@..▓
▓....V..▓
▓.......▓
▓.▓...▓.▓
▓...©...▓
▓▓▓▓▓▓▓▓▓
∆∆∆∆∆
∆∆∆∆


You could see a greater mummy, a jiangshi (summoned) and a chaos spawn
(summoned).

Vanquished Creatures
  A two-headed ogre (D)
  4 toenail golems (D)
  A guardian mummy (D)
  A flying skull (D)
  An ushabti (D)
  A fire elemental (D)
  A phantom (D)
  A necrophage (D)
  An ogre (D)
  A wight (D)
  A crimson imp (D)
  A quasit (D)
  4 mummies (D)
  A shadow imp (D)
  A white imp (D)
  2 ufetubi (D)
  An adder zombie (D)
  An adder skeleton (D)
  A quokka zombie (D)
  3 fire vortices (D)
29 creatures vanquished.

Notes
Turn   | Place    | Note
-------+----------+-------------------------------------------
     0 | D        | howech the Gnoll Fire Elementalist began the quest for the
                  | Orb.
     0 | D        | Reached XP level 1. HP: 13/13 MP: 6/6
     3 | D        | Found a blossoming altar of Fedhas.
     4 | D        | Found the +6 Majin-Bo {vamp, Archmagi MP+6 Int+6}
     4 | D        | Found the +7 great mace "Firestarter" {inner flame, rF++}
     5 | D        | Found a shimmering blue altar of Sif Muna.
     5 | D        | Found a sacrificial altar of Ru.
     5 | D        | Found a bloodstained altar of Trog.
     5 | D        | Found a stormy altar of Qazlal.
     5 | D        | Found an iron altar of Okawaru.
     5 | D        | Found a sparkling altar of Nemelex Xobeh.
     7 | D        | Found a transporter.
     7 | D        | Found an ancient bone altar of Kikubaaqudgha.
     7 | D        | Found a viscous altar of Jiyva.
     7 | D        | Found a corrupted altar of Lugonu.
     7 | D        | Found a hazy altar of Hepliaklqana.
     7 | D        | Found a burning altar of Makhleb.
     7 | D        | Found an opulent altar of Gozag.
    26 | D        | Found the +9 heavy crossbow "Sniper" {vorpal, Acc+∞ SInv}
    26 | D        | Found the +10 dark maul {vorpal}
    26 | D        | Found the +15 Maxwell's patent armour {-Cast -Tele rElec
                  | MR+ rCorr}
    26 | D        | Found the +18 shield of the Gong {rElec rN+ MR+ EV-5}
    26 | D        | Found the cursed +14 obsidian axe {vorpal, +Fly SInv
                  | *Curse}
    28 | D        | Found the +6 shillelagh "Devastator" {shatter}
    28 | D        | Found the +11 plutonium sword {*Contam Stlth-}
    28 | D        | Found the +8 lance "Wyrmbane" {slay drac, rPois rF+ rC+
                  | AC+3}
    28 | D        | Found the +9 sword of Zonguldrok {reap}
    28 | D        | Found the cursed +13 scythe of Curses {drain, *Curse}
    28 | D        | Found the +0 sword of Power
    28 | D        | Found the +7 mace of Variability {chain chaos}
    28 | D        | Found the +7 Singing Sword {vorpal, sonic wave}
    28 | D        | Found the +8 storm bow {elec, penet}
    32 | D        | Became a worshipper of Warmaster Okawaru
    58 | D        | Reached skill level 5 in Dodging
    58 | D        | Reached skill level 5 in Spellcasting
    58 | D        | Reached skill level 1 in Hexes
    58 | D        | Reached skill level 1 in Charms
    58 | D        | Reached skill level 1 in Summonings
    58 | D        | Reached skill level 1 in Necromancy
    58 | D        | Reached skill level 1 in Translocations
    58 | D        | Reached skill level 1 in Transmutations
    58 | D        | Reached skill level 1 in Ice Magic
    58 | D        | Reached skill level 1 in Air Magic
    58 | D        | Reached skill level 1 in Earth Magic
    58 | D        | Reached skill level 1 in Poison Magic
    58 | D        | Reached XP level 2. HP: 22/22 MP: 6/8
   178 | D        | Entered arena 2.
   178 | D        | Noticed an ogre
   178 | D        | Noticed a two-headed ogre
   178 | D        | Found a transporter.
   188 | D        | Killed an ogre
   188 | D        | Reached * piety under Okawaru
   188 | D        | Reached skill level 5 in Stealth
   188 | D        | Reached XP level 3. HP: 12/29 MP: 8/10
   188 | D        | Reached XP level 4. HP: 15/35 MP: 9/12
   190 | D        | Killed a two-headed ogre
   190 | D        | Reached ** piety under Okawaru
   190 | D        | Reached *** piety under Okawaru
   190 | D        | Reached skill level 5 in Fighting
   190 | D        | Reached skill level 5 in Short Blades
   190 | D        | Reached skill level 5 in Long Blades
   190 | D        | Reached skill level 5 in Axes
   190 | D        | Reached skill level 5 in Maces & Flails
   190 | D        | Reached skill level 5 in Polearms
   190 | D        | Reached skill level 5 in Staves
   190 | D        | Reached skill level 5 in Slings
   190 | D        | Reached skill level 5 in Bows
   190 | D        | Reached skill level 5 in Crossbows
   190 | D        | Reached skill level 5 in Throwing
   190 | D        | Reached skill level 5 in Armour
   190 | D        | Reached skill level 5 in Shields
   190 | D        | Reached skill level 5 in Unarmed Combat
   190 | D        | Reached skill level 5 in Conjurations
   190 | D        | Reached skill level 5 in Evocations
   190 | D        | Reached XP level 5. HP: 20/46 MP: 10/15
   190 | D        | Reached XP level 6. HP: 23/52 MP: 10/16
   190 | D        | Reached XP level 7. HP: 25/57 MP: 11/18
   458 | D        | Entered arena 3.
   458 | D        | Noticed an ushabti
   458 | D        | Found a transporter.
   464 | D        | Killed an ushabti
   464 | D        | Reached **** piety under Okawaru
   464 | D        | Reached skill level 5 in Hexes
   464 | D        | Reached skill level 5 in Charms
   464 | D        | Reached skill level 5 in Summonings
   464 | D        | Reached skill level 5 in Necromancy
   464 | D        | Reached skill level 5 in Translocations
   464 | D        | Reached skill level 5 in Transmutations
   464 | D        | Reached skill level 5 in Ice Magic
   464 | D        | Reached skill level 5 in Air Magic
   464 | D        | Reached skill level 5 in Earth Magic
   464 | D        | Reached skill level 5 in Poison Magic
   464 | D        | Reached XP level 8. HP: 29/63 MP: 20/20
   602 | D        | Entered arena 4.
   602 | D        | Found a transporter.
   628 | D        | Learned a level 5 spell: Fireball
   632 | D        | Entered arena 5.
   632 | D        | Noticed a toenail golem
   632 | D        | Noticed a toenail golem
   632 | D        | Noticed a toenail golem
   632 | D        | Noticed a toenail golem
   632 | D        | Found a transporter.
   635 | D        | Killed a toenail golem
   635 | D        | Killed a toenail golem
   635 | D        | Received a gift from Okawaru
   635 | D        | Reached XP level 9. HP: 72/72 MP: 21/21
   639 | D        | Killed a toenail golem
   639 | D        | Reached ***** piety under Okawaru
   639 | D        | Killed a toenail golem
   645 | D        | Entered arena 6.
   645 | D        | Found a transporter.
   666 | D        | Got the cursed ring "Socvuf" {rElec EV-4}
   675 | D        | Identified a +2 pair of boots of running (You found it in
                  | the Dungeon)
   689 | D        | Learned a level 8 spell: Ignition
   689 | D        | Entered arena 7.
   690 | D        | Identified the amulet of Suicidal Tendencies {RegenMP rPois
                  | Str+2 Int+4}
   690 | D        | Found a transporter.
   706 | D        | Got the Almanac of Entrancing Weightlessness
   710 | D        | Got the ring "Sobiuno" {rC+ Dex+3 Stlth+}
   720 | D        | Entered arena 8.
   720 | D        | Noticed a guardian mummy
   720 | D        | Noticed a greater mummy
   721 | D        | Found a transporter.
   729 | D        | Killed a guardian mummy
   732 | D        | Noticed a jiangshi
   732 | D        | Noticed a flayed ghost
   737 | D        | Mangled by a greater mummy

Illustrated notes

Levels and vault maps discovered:
D:        sprint_v [room_start, room_1, room_2, room_3, room_4, room_5, room_6,
          room_7, room_8, room_9, room_10, room_11, room_12, room_13, room_14,
          room_15, room_16, room_17, room_18, room_19, room_20, room_21,
          room_22, room_23, room_24, room_25, room_26, room_27]

Skill      XL: |  1  2  3  4  5  6  7  8  9 |
---------------+----------------------------+-----
Fighting       | 2 3 5 6 7 8 |  8.1
Short Blades   | 2 3 5 6 7 8 |  8.1
Long Blades    | 2 3 5 6 7 8 |  8.1
Axes           | 2 3 5 6 7 8 |  8.1
Maces & Flails | 2 3 5 6 7 8 |  8.1
Polearms       | 2 3 5 6 7 8 |  8.1
Staves         | 2 3 5 6 7 8 |  8.1
Slings         | 2 3 5 6 7 8 |  8.1
Bows           | 2 3 5 6 7 8 |  8.1
Crossbows      | 2 3 5 6 7 8 |  8.1
Throwing       | 2 3 5 6 7 8 |  8.1
Armour         | 2 3 5 6 7 8 |  8.1
Dodging        | 5 7 8 9 |  9.3
Shields        | 2 3 5 6 7 8 |  8.1
Unarmed Combat | 2 3 5 6 7 8 |  8.1
Spellcasting   | 5 6 7 8 9 |  9.5
Conjurations   | 2 3 5 6 7 |  7.1
Hexes          | 1 2 4 5 6 |  6.7
Charms         | 1 2 4 5 6 |  6.7
Summonings     | 1 2 4 5 6 |  6.7
Necromancy     | 1 2 4 5 6 |  6.7
Translocations | 1 2 4 5 6 |  6.7
Transmutations | 1 2 4 5 6 |  6.7
Ice Magic      | 1 2 4 5 6 |  6.7
Air Magic      | 1 2 4 5 6 |  6.7
Earth Magic    | 1 2 4 5 6 |  6.7
Poison Magic   | 1 2 4 5 6 |  6.7
Invocations    | 2 3 6 7 8 |  8.8
Evocations     | 2 3 5 6 7 8 |  8.1
Stealth        | 5 7 8 9 |  9.2
Fire Magic     | 6 7 8 |  8.8

Action                   |  1- 3 |  4- 6 |  7- 9 || total
-------------------------+-------+-------+-------++-------
Melee: Unarmed           |     5 |       |       ||     5
       Double sword      |     2 |     2 |    45 ||    49
       Bite              |       |       |     4 ||     4
Invok: Heroism           |       |       |     4 ||     4
       Finesse           |       |       |     1 ||     1
Evoke: Wand              |       |       |     1 ||     1
  Use: Potion            |     2 |       |     4 ||     6
 Stab: Invisible         |     2 |     1 |     1 ||     4
       Sleeping          |     1 |       |     1 ||     2
Armor: Fire dragon scale |       |     1 |     5 ||     6
Dodge: Dodged            |     2 |       |     2 ||     4
Block: Kite shield       |     7 |     4 |    33 ||    44
       Rpst.: Double sword |       |       |     1 ||     1
